 Dungeon Crawl Stone Soup version 0.28.0-45-g0d030f2227 (webtiles) character file.

Game seed: 10421118713577386319

237 pkoi the Conjurer (level 5, -2/38 HPs)
             Began as a Demigod Conjurer on Apr 4, 2022.
             Slain by Menkaure (13 damage)
             ... on level 4 of the Dungeon.
             The game lasted 00:05:22 (4370 turns).

pkoi the Conjurer (Demigod Conjurer)                Turns: 4370, Time: 00:05:22

Health: -2/38      AC:  3    Str:  8    XL:     5   Next: 48%
Magic:  4/12       EV: 12    Int: 24    God:
Gold:   151        SH:  4    Dex: 12    Spells: 3/10 levels left

rFire   + . .      SeeInvis .   p - staff of fire
rCold   . . .      Faith    .   (no shield)
rNeg    . . .      Spirit   .   a - +1 robe
rPois   .          Reflect  .   (no helmet)
rElec   .          Harm     .   (no cloak)
rCorr   .          Rampage  .   (no gloves)
Will    .....                   (no boots)
Stlth   ++........              (no amulet)
HPRegen 0.12/turn               (no ring)
MPRegen 0.13/turn               (no ring)

@: very slightly contaminated
A: high MP 1, forlorn, divine attributes, claws 1, large bone plates 1, subdued
magic 1
a: no special abilities


You were on level 4 of the Dungeon.
You visited 1 branch of the dungeon, and saw 4 of its levels.

You collected 151 gold pieces.

Inventory:

Hand Weapons
 l - a +0 dagger of protection
Missiles
 m - 3 poisoned darts
 n - 3 atropa-tipped darts
Armour
 a - a +1 robe (worn)
Magical Staves
 p - a staff of fire (weapon)
Scrolls
 c - 2 scrolls of teleportation
Potions
 b - a potion of curing
 d - 2 potions of heal wounds
 e - a potion of magic
 k - 2 potions of lignification


   Skills:
 - Level 1.7 Dodging
 - Level 1.7 Stealth
 + Level 3.0 Spellcasting
 * Level 5.4 Conjurations
 * Level 1.8 Translocations


You had 3 spell levels left.
You knew the following spells:

 Your Spells              Type           Power      Damage    Failure   Level
a - Magic Dart            Conj           88%        1d7       1%          1
b - Searing Ray           Conj           44%        2d6       1%          2
c - Iskenderun's Mystic   Conj/Tloc      16%        2d5       21%         4

Your spell library contained the following spells:

 Spells                   Type           Power      Damage    Failure   Level
 Dazzling Flash           Conj/Hex       24%        N/A       9%          3
 Ensorcelled Hibernation  Hex/Ice        4%         N/A       13%         2
 Passwall                 Tmut/Erth      1%         N/A       13%         2
 Swiftness                Air            2%         N/A       28%         3
 Fulminant Prism          Conj/Hex       6%         3d7       30%         4


Dungeon Overview and Level Annotations

Branches:
Dungeon (4/15)             Temple (0/1) D:4

Annotations:
D:4 Menkaure


Innate Abilities, Weirdness & Mutations

You have an increased reservoir of magic. (+10% MP)
You shall have no god before yourself.
Your divine heritage dramatically boosts your attributes as you level up.
You have sharp fingernails.
You are partially covered in large bone plates. (SH +4)
Your spells are a little easier to cast, but a little less powerful.


Message History

You start resting.
Magic restored.
You start resting.
Menkaure is nearby!
Casting: Magic Dart (safe; 1% risk of failure)
Confirm with . or Enter, or press ? or * to list all spells.
Aiming: Searing Ray (safe; 1% risk of failure)
Press: ? - help, Shift-Dir - straight line, f/p - Menkaure
Aim: Menkaure (lightly damaged, fast, 89% to hit)
The searing ray hits Menkaure!
Menkaure is heavily damaged. (Press . to maintain the ray.) Unknown command.
The searing ray hits Menkaure.
Menkaure is severely damaged.
You finish channelling your searing ray.
You start resting.
Menkaure hits you!
* * * LOW HITPOINT WARNING * * *
Casting: Searing Ray (safe; 1% risk of failure)
Confirm with . or Enter, or press ? or * to list all spells.
Aiming: Searing Ray (safe; 1% risk of failure)
Press: ? - help, Shift-Dir - straight line, f/p - Menkaure
Aim: Menkaure (severely damaged, fast, 89% to hit)
You miscast Searing Ray.
You are very lightly contaminated with residual magic.
Nothing appears to happen.
Menkaure closely misses you.
Unknown command.
Menkaure casts a spell at you.
You struggle to resist.
Unknown command.
Casting: Searing Ray (safe; 1% risk of failure)
Confirm with . or Enter, or press ? or * to list all spells.
Aiming: Searing Ray (safe; 1% risk of failure)
Press: ? - help, Shift-Dir - straight line, f/p - Menkaure
Aim: Menkaure (severely damaged, fast, 89% to hit)
The searing ray hits Menkaure.
Menkaure is severely damaged. (Press . to maintain the ray.) Menkaure hits you!
You die...

### ###.# ##...## ###
#########.....# #.#
####.##.#......(.#####.#
#..#....M........#.##...
#####......@#....##.........
##..........###...#..........
#...†........#........(......
##......##..###..............
##.##.....## ##.............
####......# #....M...<.....
###...## ##.............
###...## ##...#.......>
#..†.## ##...........


You could see Menkaure (fast).

Vanquished Creatures
  A phantom (D:4)
  A bullfrog skeleton (D:4)
  An orc wizard (D:3)
  A hound skeleton (D:3)
  4 adders
  An ufetubus (D:4)
  4 dart slugs
  3 orcs (D:3)
  2 bats
  7 endoplasms
  5 goblins
  7 hobgoblins
  A quokka (D:3)
  7 ball pythons
  A frilled lizard (D:2)
  2 kobolds
  3 rats
51 creatures vanquished.

Vanquished Creatures (others)
  7 toadstools (D:1)
7 creatures vanquished.

Grand Total: 58 creatures vanquished

Notes
Turn   | Place    | Note
-------+----------+-------------------------------------------
     0 | D:1      | pkoi the Demigod Conjurer began the quest for the Orb.
     0 | D:1      | Reached XP level 1. HP: 14/14 MP: 5/5
   405 | D:1      | Reached XP level 2. HP: 16/20 MP: 1/7
   583 | D:1      | Reached skill level 4 in Conjurations
   818 | D:1      | Learned a level 2 spell: Searing Ray
  1963 | D:3      | Reached XP level 3. HP: 26/26 MP: 7/9
  2769 | D:3      | Gained mutation: You have sharp fingernails. [potion of
                  | mutation]
  2769 | D:3      | Gained mutation: Your spells are a little easier to cast,
                  | but a little less powerful. [potion of mutation]
  2769 | D:3      | Gained mutation: You are partially covered in large bone
                  | plates. (SH +4) [potion of mutation]
  3211 | D:3      | Reached XP level 4. HP: 29/33 MP: 3/10
  3371 | D:3      | Learned a level 4 spell: Iskenderun's Mystic Blast
  3680 | D:4      | Noticed a phantom
  3690 | D:4      | Killed a phantom
  3691 | D:4      | Reached skill level 5 in Conjurations
  3691 | D:4      | Reached skill level 1 in Translocations
  3691 | D:4      | Reached XP level 5. HP: 38/38 MP: 1/12
  3806 | D:4      | Noticed Menkaure
  3858 | D:4      | Found a staircase to the Ecumenical Temple.
  4370 | D:4      | Slain by Menkaure

Illustrated notes

Levels and vault maps discovered:
D:1:      nagdon_arrival_double_spiral, layout_basic, serial_forest,
          infiniplex_forest_zigzag_1, infiniplex_forest_corner_1,
          infiniplex_forest_lined_2, infiniplex_forest_lined_ring,
          infiniplex_forest_lined_ring, infiniplex_forest_clump_tiny,
          infiniplex_forest_split, minmay_tetromino_s2
D:2:      layout_loops_ring
D:3:      layout_basic, minmay_statues_item
D:4:      layout_cave_pools, minmay_temple_entry_water_ring,
          lightli_sewer_entry_pipes, nicolae_figureground_pulse, uniq_menkaure,
          uniq_eustachio

Skill      XL: |  1  2  3  4 |
---------------+-------------+-----
Spellcasting   | 2 3 |  3.0
Conjurations   | 4 5 |  5.4
Translocations | 1 |  1.8
Dodging        | |  1.7
Stealth        | |  1.7

Action                   |  1- 3 |  4- 6 || total
-------------------------+-------+-------++-------
Melee: Staff             |     8 |     1 ||     9
 Cast: Magic Dart        |    86 |    39 ||   125
       Searing Ray       |     3 |     4 ||     7
  Use: Potion            |     7 |     1 ||     8
       Scroll            |     4 |     1 ||     5
Armor: Robe              |     2 |     2 ||     4
Dodge: Dodged            |    17 |    10 ||    27
Block: Other             |     4 |     1 ||     5
